 Dungeon Crawl Stone Soup version 0.30-a0-721-ga6a225cb13 (webtiles) character file.

Game seed: 13566506838896170636

487 Arximoufas the Purveyor of Pain (level 6, 0/32 HPs)
             Began as a Deep Elf Necromancer on Jan 27, 2023.
             Was an Initiate of Kikubaaqudgha.
             Killed by divine providence
             ... invoked by an orc priest
              (13 damage)
             ... on level 5 of the Dungeon.
             The game lasted 00:26:12 (5336 turns).

Arximoufas the Purveyor of Pain (DENe)              Turns: 5336, Time: 00:26:13

Health: 0/32       AC:  6    Str:  5    XL:     6   Next: 89%
Magic:  11/22      EV: 13    Int: 22    God:    Kikubaaqudgha [......]
Gold:   187        SH:  0    Dex: 15    Spells: 4/12 levels left

rFire   . . .      SeeInvis .    g - +1 dagger
rCold   . . .      Faith    .    (no shield)
rNeg    . . .      Spirit   .    a - +1 robe
rPois   .          Reflect  .    l - +0 helmet
rElec   .          Harm     .    (no cloak)
rCorr   .          Rampage  .    c - +0 pair of gloves
Will    .....                    r - +0 pair of boots
Stlth   +++                      (no amulet)
HPRegen 0.25/turn                s - ring of magical power
MPRegen 0.18/turn                (no ring)

@: animating dead
A: no striking features
a: Renounce Religion


You were on level 5 of the Dungeon.
You worshipped Kikubaaqudgha.
Kikubaaqudgha was noncommittal.
You visited 2 branches of the dungeon, and saw 6 of its levels.

You collected 187 gold pieces.

Inventory:

Hand Weapons
 g - a +1 dagger (weapon)
Missiles
 f - 14 poisoned darts
 p - 5 atropa-tipped darts
Armour
 a - a +1 robe (worn)
 c - a +0 pair of gloves (worn)
 d - a +0 buckler
 l - a +0 helmet (worn)
 r - a +0 pair of boots (worn)
Jewellery
 s - a ring of magical power (left hand)
Wands
 h - a wand of mindburst (16)
Scrolls
 m - a scroll of brand weapon {unknown}
 q - a scroll of fog
 v - a scroll of identify
 w - 2 scrolls of poison
 x - a scroll of vulnerability {unknown}
Potions
 b - a potion of magic
 e - 2 potions of mutation
 i - a potion of attraction {unknown}
 j - 2 potions of heal wounds
 k - a potion of resistance {unknown}
 n - a potion of berserk rage {unknown}
 o - 2 potions of curing
 t - a potion of haste {unknown}
 u - 2 potions of invisibility {unknown}
 z - a potion of ambrosia {unknown}


   Skills:
 - Level 3.3 Dodging
 - Level 4.2 Stealth
 + Level 3.7 Spellcasting
 + Level 0.1 Conjurations
 + Level 8.9 Necromancy
 + Level 0.1 Earth Magic


You had 4 spell levels left.
You knew the following spells:

 Your Spells              Type           Power      Damage    Failure   Level
a - Necrotise             Necr           100%       1d9       1%          1
b - Animate Dead          Necr           43%        N/A       3%          4
c - Stone Arrow           Conj/Erth      8%         3d7       32%         3

Your spell library contained the following spells:

 Spells                   Type           Power      Damage    Failure   Level
 Vampiric Draining        Necr           43%        2d9       1%          3
 Animate Armour           Summ/Erth      8%         N/A       73%         4
 Agony                    Necr           43%        N/A       9%          5
 Lehudib's Crystal Spear  Conj/Erth      2%         10d2      100%        8


Dungeon Overview and Level Annotations

Branches:
Dungeon (5/15)             Temple (1/1) D:5

Altars:
Ashenzari
Cheibriados
Dithmenos
Elyvilon
Fedhas
Gozag
Hepliaklqana
Kikubaaqudgha
Makhleb
Nemelex Xobeh
Okawaru
Qazlal
Ru
Sif Muna
Trog
Uskayaw
Vehumet
Wu Jian
Xom
Yredelemnul
Zin
The Shining One

Annotations:
D:3 4 runed translucent doors, Crazy Yiuf; bratinateska's ghost, weakling DsFi
D:4 Blork the orc


Message History

Aiming: Necrotise (safe; 1% risk of failure)
Press: ? - help, Q - select action, (/) - cycle Shift-Dir - straight line, f/p - orc
Aim: an orc, wielding a +0 war axe (lightly wounded, chance to affect: 93%)
The orc writhes in agony.
Aiming: Necrotise (safe; 1% risk of failure)
Press: ? - help, Q - select action, (/) - cycle Shift-Dir - straight line, f/p - orc
Aim: an orc, wielding a +0 war axe (almost dead, chance to affect: 93%)
The orc writhes in agony.
You kill the orc!
Kikubaaqudgha accepts your kill.
An orc comes into view. It is wielding a +0 mace.
Aiming: Necrotise (safe; 1% risk of failure)
Press: ? - help, Q - select action, (/) - cycle Shift-Dir - straight line, f - orc
Aim: an orc, wielding a +0 dagger and wearing a +0 leather armour (chance to affect: 93%)
The orc writhes in agony!
You kill the orc!
Kikubaaqudgha accepts your kill.
The dead are walking!
The orc priest calls down the wrath of Beogh upon you.
Pain shoots through your body!
Aiming: Necrotise (safe; 1% risk of failure)
Press: ? - help, Q - select action, (/) - cycle Shift-Dir - straight line, f - orc priest
Aim: an orc priest, wielding a +0 flail and wearing a +0 ring mail (almost dead, ally target, chance to affect: 83%)
The orc priest barely resists.
Aiming: Necrotise (safe; 1% risk of failure)
Press: ? - help, Q - select action, (/) - cycle Shift-Dir - straight line, f/p - orc priest
Aim: an orc priest, wielding a +0 flail and wearing a +0 ring mail (almost dead, ally target, chance to affect: 83%)
The orc writhes in agony.
The orc priest looks braver for a moment.
Your orc zombie hits the orc priest but does no damage.
Your orc zombie barely misses the orc priest.
Aiming: Necrotise (safe; 1% risk of failure)
Press: ? - help, Q - select action, (/) - cycle Shift-Dir - straight line, f/p - orc priest
Aim: an orc priest, wielding a +0 flail and wearing a +0 ring mail (almost dead, ally target, chance to affect: 83%)
The orc priest barely resists.
The orc barely misses you.
The orc priest invokes the aid of Beogh against you.
Beogh smites you!
You die...
Kikubaaqudgha rasps: "You have failed me!
Welcome... death!"

.#....#..... .##..###..
... #.. . #.# .. ..##..
..... ...# #oZ. #. ##.o##
..####.#.Z###
#..#....@o..#
......#.....###
#.....###.....##
##.....#...#....# #..
#.....###..## .....
#.##.#...# #..## #.
.>####....#...# ##..##
...#..........#.## #....#
...#.........##.####...##


You could see an orc priest (ally target), 2 orcs and 2 friendly orc zombies.

Vanquished Creatures
  A black bear (D:4)
  A scorpion (D:4)
  2 orc priests (D:3)
  A jelly (D:3)
  2 iguanas (D:4)
  An orc wizard (D:3)
  8 adders
  A white imp (D:5)
  2 worms (D:2)
  2 dart slugs
  7 orcs
  4 bats
  3 endoplasms
  4 giant cockroaches
  3 goblins
  6 hobgoblins
  7 jackals
  3 quokkas
  2 ball pythons
  3 frilled lizards
  8 kobolds
  5 rats
76 creatures vanquished.

Vanquished Creatures (collateral kills)
  A dart slug (D:2)
  An endoplasm (D:1)
  A kobold (D:4)
  A frilled lizard (D:2)
4 creatures vanquished.

Vanquished Creatures (others)
  An adder zombie (D:4)
1 creature vanquished.

Grand Total: 81 creatures vanquished

Notes
Turn   | Place    | Note
-------+----------+-------------------------------------------
     0 | D:1      | Arximoufas the Deep Elf Necromancer began the quest for the
                  | Orb.
     0 | D:1      | Reached XP level 1. HP: 10/10 MP: 6/6
   296 | D:1      | Reached skill level 5 in Necromancy
   308 | D:1      | Reached XP level 2. HP: 15/15 MP: 5/8
   403 | D:1      | Found a faded altar of an unknown god.
  1126 | D:2      | Reached XP level 3. HP: 12/19 MP: 7/9
  2194 | D:3      | Reached XP level 4. HP: 24/24 MP: 9/11
  2374 | D:3      | Learned a level 4 spell: Animate Dead
  2667 | D:3      | Reached skill level 6 in Necromancy
  2667 | D:3      | Reached XP level 5. HP: 24/28 MP: 6/12
  2786 | D:3      | Found a runed translucent door.
  2787 | D:3      | Noticed Crazy Yiuf
  2957 | D:3      | Found a runed translucent gate.
  3228 | D:3      | Found a glowing silver altar of Zin.
  3239 | D:3      | Reached skill level 7 in Necromancy
  3278 | D:3      | Found an ornate altar of the Wu Jian Council.
  3279 | D:3      | Found a white marble altar of Elyvilon.
  3279 | D:3      | Found a sparkling altar of Nemelex Xobeh.
  3369 | D:3      | Found a runed translucent gate.
  3369 | D:3      | Found a runed translucent gate.
  3371 | D:3      | Found an opulent altar of Gozag.
  3373 | D:3      | Noticed an ogre
  3374 | D:3      | Noticed bratinateska's ghost (weakling DsFi)
  3862 | D:4      | Noticed Blork the orc
  4060 | D:4      | Reached XP level 6. HP: 25/32 MP: 10/13
  4085 | D:4      | Reached skill level 8 in Necromancy
  4651 | D:4      | Learned a level 3 spell: Stone Arrow
  4925 | D:5      | Entered Level 5 of the Dungeon
  4935 | D:5      | Found a staircase to the Ecumenical Temple.
  4945 | Temple   | Entered the Ecumenical Temple
  5016 | Temple   | Became a worshipper of Kikubaaqudgha
  5122 | D:5      | Noticed a water moccasin
  5237 | D:5      | Identified the +1 mace of Cenn {antimagic, rPois Int+3}
  5336 | D:5      | Killed from afar by an orc priest

Illustrated notes

Levels and vault maps discovered:
D:1:      nzn_arrival_crosshair, layout_basic, basic_ecumenical_altar
D:2:      layout_basic, minmay_pentomino_v4
D:3:      layout_basic, grunt_temple_overflow_open, ebering_ghost_gozag,
          uniq_crazy_yiuf_cottage
D:4:      layout_layer_cave, uniq_blork_the_orc
D:5:      layout_cave_pools, minmay_temple_entry_statues_fountains
Temple:   regret_index_temple_chain_breaker

Skill      XL: |  1  2  3  4  5  6 |
---------------+-------------------+-----
Necromancy     | 5 6 7 8 |  8.9
Stealth        | 3 4 |  4.2
Dodging        | 3 |  3.3
Spellcasting   | |  3.7
Conjurations   | |  0.1
Earth Magic    | |  0.1

Action                     |  1- 3 |  4- 6 || total
---------------------------+-------+-------++-------
  Melee: Dagger            |     1 |       ||     1
   Cast: Necrotise         |    64 |   103 ||   167
         Animate Dead      |       |     3 ||     3
  Evoke: Wand              |       |     1 ||     1
    Use: Scroll            |       |    10 ||    10
         Potion            |       |     1 ||     1
 Armour: Robe              |     9 |    16 ||    25
  Dodge: Dodged            |    16 |    38 ||    54

Table legend: (Time is in decaauts)
 A = Elapsed time spent in this place.
 B = Non-inter-level travel time spent in this place.
 C = Inter-level travel time spent in this place.
 D = Time resting spent in this place.
 E = Time spent auto-exploring this place.
 F = Levels seen in this place.
 G = Mean time per level.
                   A        B        C        D        E       F      G
               +--------+--------+--------+--------+--------+-----+--------+
         Total |   5334 |   5125 |    209 |    465 |   3094 |   6 |  889.0 |
       Dungeon |   5160 |   4966 |    194 |    465 |   2982 |   5 | 1032.0 |
        Temple |    174 |    159 |     15 |      0 |    112 |   1 |  174.0 |
               +--------+--------+--------+--------+--------+-----+--------+

Top non-repeatable levels by time:
     D:3: 1433 daAuts
     D:4: 1306 daAuts
     D:2: 1254 daAuts
     D:1: 929 daAuts
     D:5: 236 daAuts
  Temple: 174 daAuts
